 Dungeon Crawl Stone Soup version 0.30-b1-2-g02819fbbbe (webtiles) character file.

Game seed: 521208179399574423

22047 manyhoops the Reanimator (level 12, -2/136 (141) HPs)
             Began as a Demigod Necromancer on Nov 15, 2023.
             Engulfed by a ghost crab's spectral mist (5 damage)
             ... on level 3 of the Lair of Beasts.
             The game lasted 00:37:22 (17053 turns).

manyhoops the Reanimator (Demigod Necromancer)     Turns: 17053, Time: 00:37:23

HP:   -2/136 (141)  AC: 16    Str: 12    XL:     12   Next: 28%
MP:   15/29         EV:  9    Int: 39    God:
Gold: 169           SH:  0    Dex: 14    Spells: 13/29 levels left

rFire   + + .        i - staff of death
rCold   + + .        (no shield)
rNeg    + + .        C - +0 ice dragon scales
rPois   +            J - +0 helmet of Contentment {+Inv rF+++}
rElec   .            v - +0 cloak
rCorr   .            n - +1 pair of gloves of Hiprigic {rN+ Str+3}
SInv    .            a - +0 pair of boots
Will    +....        (no amulet) Stlth
                     u - ring of poison resistance
HPRegen 0.42/turn    D - +6 ring of intelligence
MPRegen 0.21/turn

%: no passive effects
@: berserking (expiring), lightly drained, very quick
A: high MP 1, forlorn, divine attributes
a: Evoke Invisibility


You were on level 3 of the Lair of Beasts.
You visited 2 branches of the dungeon, and saw 12 of its levels.

You collected 864 gold pieces.
You spent 695 gold pieces at shops.

Inventory:

Armour
 a - a +0 pair of boots (worn)
 n - the +1 pair of gloves of Hiprigic (worn) {rN+ Str+3}
   (You found it on level 2 of the Dungeon)

   Str:       It affects your strength (+3).
   rN:        It protects you from negative energy.
 v - a +0 cloak (worn)
 A - a +0 troll leather armour
 C - +0 ice dragon scales (worn)
 J - the +0 helmet of Contentment (worn) {+Inv rF+++}
   (You bought it in a shop on level 1 of the Dungeon)

   rF:        It renders you almost immune to fire.
   +Inv:      It lets you turn invisible.
Magical Staves
 i - a staff of death (weapon)
Jewellery
 u - a ring of poison resistance (left hand)
 B - a ring of wizardry
 D - a +6 ring of intelligence (right hand)
Wands
 m - a wand of roots (5)
 q - a wand of flame (12) (quivered)
Scrolls
 b - a scroll of poison {unknown}
 c - 2 scrolls of brand weapon
 e - a scroll of fear
 f - a scroll of enchant armour {unknown}
 j - a scroll of magic mapping
 p - 5 scrolls of torment
 s - 2 scrolls of enchant weapon {unknown}
 y - 2 scrolls of noise
 F - 3 scrolls of identify
 H - a scroll of fog {unknown}
 I - 2 scrolls of vulnerability {unknown}
Potions
 d - a potion of flight
 g - 3 potions of cancellation
 k - 3 potions of attraction
 l - 4 potions of brilliance
 o - 4 potions of curing
 t - 2 potions of lignification
 w - a potion of mutation {unknown}
 x - a potion of might {unknown}
 z - a potion of haste {unknown}
 E - 2 potions of invisibility {unknown}
Miscellaneous
 G - a condenser vane


   Skills:
 - Level 5.1 Fighting
 + Level 7.1 Staves
 - Level 3.5 Armour
 - Level 4.0 Dodging
 - Level 7.3 Stealth
 - Level 9.0 Spellcasting
 - Level 1.6 Conjurations
 - Level 10.0 Necromancy
 - Level 1.6 Earth Magic
 - Level 7.0 Evocations


You had 13 spell levels left.
You knew the following spells:

 Your Spells              Type           Power      Damage    Failure   Level
a - Necrotise             Necr           100%       1d9       1%          1
b - Vampiric Draining     Necr           97%        2d12      1%          3
c - Animate Dead          Necr           97%        N/A       2%          4
d - Agony                 Necr           97%        N/A       6%          5
e - Stone Arrow           Conj/Erth      60%        3d10      22%         3

Your spell library contained the following spells:

 Spells                   Type           Power      Damage    Failure   Level
 Animate Armour           Summ/Erth      48%        N/A       69%         4
 Lehudib's Crystal Spear  Conj/Erth      15%        10d5      100%        8


Dungeon Overview and Level Annotations

Branches:
Dungeon (9/15)             Temple (0/1) D:7            Lair (3/5) D:8
  Snake (0/4) Lair:2
  Swamp: Lair:2-3    Shoals: Lair:2-3       Orc: D:9-12

Shops:
D:1 [   D:5 [   D:6 :

Annotations:
D:8 exclusion: 2 oklob plants


Innate Abilities, Weirdness & Mutations

You have an increased reservoir of magic. (+10% MP)
You shall have no god before yourself.
Your divine heritage dramatically boosts your attributes as you level up.


Message History

The ghost crab breathes spectral mist at you.
The spectral mist engulfs the spectral rime drake but does no damage.
The spectral rime drake barely misses you.
You hit the spectral rime drake!
The spectral rime drake is moderately damaged.
You are engulfed in spectral mist.
* * * LOW HITPOINT WARNING * * *
The spectral blink frog misses you.
The spectral dream sheep bites you but does no damage.
Unknown command.
You hit the spectral rime drake!
The spectral rime drake is heavily damaged.
The spectral rime drake closely misses you.
The ghost crab breathes spectral mist at you.
The spectral mist engulfs the spectral rime drake but does no damage.
Unknown command.
You hit the spectral rime drake.
The spectral rime drake is severely damaged.
You are engulfed in spectral mist.
* * * LOW HITPOINT WARNING * * *
The spectral dream sheep fades away!
The spectral blink frog hits you but does no damage.
Unknown command.
You hit the spectral rime drake but do no damage.
The spectral rime drake is severely damaged.
You are engulfed in spectral mist.
The spectral rime drake bites you but does no damage.
The spectral blink frog hits you!
* * * LOW HITPOINT WARNING * * *
You partially resist.
You feel drained.
You barely miss the spectral rime drake.
The spectral rime drake is severely damaged.
You are engulfed in spectral mist.
* * * LOW HITPOINT WARNING * * *
The spectral blink frog hits you but does no damage.
Unknown command.
You barely miss the ghost crab.
The ghost crab is severely damaged.
You are engulfed in spectral mist.
You die...

#..#.#####
##........##
##.#....○...##
##.#......○.)P# ##
#..Z○...ZZ_...#
#.###.§○○##Z...[#
#.##.#...○☼.○...†○#
#.......°tZ#.○☼§☼#
##>##.##°.@♣♣.§Z☼♣
####°○Z♣♣~Z○Z♣
##☼.#♣♣.~~~♣ #..##
♣....♣ ###.#
.~.♣..♣ #...#
.♣♣♣♣.♣ #...# .♣ #
##..# ####### #..##
##.##.##


You could see a ghost crab, a spectral black mamba (summoned), a spectral blink
frog (summoned), a spectral rime drake (summoned), a spectral snapping turtle
(summoned), a spectral torpor snail (summoned) and a spectral skyshark
(summoned).

Vanquished Creatures
  2 two-headed ogres
  A skyshark (Lair:3)
  Pikel (D:7)
  An oklob plant (D:8)
  3 elephants
  Joseph (D:7)
  2 black mambas
  6 cane toads
  An unseen horror (D:7)
  8 komodo dragons
  A troll (D:8)
  Grinder (D:4)
  Prince Ribbit (D:8)
  3 blink frogs (Lair:3)
  Sigmund (D:5)
  Eustachio (D:4)
  20 yaks
  A steam dragon (D:9)
  Grum (Lair:1)
  Edmund (D:4)
  A naga (Lair:2)
  5 water moccasins
  A floating eye (D:8)
  2 sky beasts
  3 orc warriors
  A black bear (Lair:1)
  3 ogres
  7 wolves (Lair:1)
  A centaur (D:6)
  A lemure (D:7)
  2 phantoms
  6 bullfrogs
  2 scorpions
  12 killer bees
  2 electric eels (D:8)
  7 orc priests
  7 hounds
  Crazy Yiuf (D:4)
  7 iguanas
  A sleepcap (D:5)
  12 orc wizards
  Robin (D:4)
  6 adders
  10 gnolls
  An ufetubus (D:5)
  A worm (D:2)
  4 dart slugs
  26 orcs
  4 ball pythons
  5 bats
  4 endoplasms
  2 giant cockroaches
  7 hobgoblins
  4 kobolds
  3 quokkas
  11 frilled lizards
  15 goblins
  2 rats
247 creatures vanquished.

Vanquished Creatures (collateral kills)
  A hydra (Lair:1)
  A lindwurm (Lair:3)
  An elephant (Lair:3)
  A cane toad (Lair:2)
  A spectral skyshark (Lair:3)
  A polar bear (Lair:1)
  A spectral dream sheep (Lair:3)
  5 yaks
  A basilisk (Lair:1)
  A naga (Lair:2)
  A water moccasin (Lair:2)
  A black bear (Lair:2)
  A wolf (D:8)
  3 bullfrogs (Lair:2)
  A killer bee (D:8)
  3 hounds (D:8)
  8 iguanas (Lair:1)
  3 gnolls
  A white imp (D:8)
  3 orcs (D:7)
  A goblin (D:1)
  7 frilled lizards
47 creatures vanquished.

Vanquished Creatures (others)
  A komodo dragon zombie (Lair:1)
  A water moccasin zombie (Lair:2)
  8 yak zombies
  2 bullfrog zombies (Lair:2)
  4 killer bee zombies (D:8)
  A naga zombie (Lair:2)
  A hound zombie (D:8)
  4 iguana zombies (Lair:1)
  7 frilled lizard zombies (Lair:1)
  3 gnoll zombies (D:5)
  17 orc zombies
  15 fungi
  34 plants
98 creatures vanquished.

Grand Total: 392 creatures vanquished

Notes
Turn   | Place    | Note
-------+----------+-------------------------------------------
     0 | D:1      | manyhoops the Demigod Necromancer began the quest for the
                  | Orb.
     0 | D:1      | Reached XP level 1. HP: 14/14 MP: 5/5
   161 | D:1      | Found Famutaaj's Armour Shoppe.
   290 | D:1      | Reached skill level 4 in Necromancy
   402 | D:1      | Reached XP level 2. HP: 20/20 MP: 5/7
  1105 | D:2      | Reached XP level 3. HP: 26/26 MP: 5/8
  1109 | D:2      | Learned a level 3 spell: Vampiric Draining
  1415 | D:2      | Identified the +1 pair of gloves of Hiprigic {rN+ Str+3}
  1707 | D:3      | Reached XP level 4. HP: 30/33 MP: 1/11
  2126 | D:4      | Noticed Edmund
  2135 | D:4      | Killed Edmund
  2136 | D:4      | Reached XP level 5. HP: 38/38 MP: 10/14
  2198 | D:4      | Learned a level 4 spell: Animate Dead
  2206 | D:4      | Noticed Eustachio
  2206 | D:4      | Noticed Robin
  2217 | D:4      | Killed Robin
  2619 | D:4      | Killed Eustachio
  2620 | D:4      | Reached skill level 5 in Necromancy
  2620 | D:4      | Reached XP level 6. HP: 42/45 MP: 1/16
  2766 | D:4      | Noticed Grinder
  2793 | D:5      | Entered Level 5 of the Dungeon
  2878 | D:5      | Found Ysur's Armour Boutique.
  2878 | D:5      | Noticed a two-headed ogre
  2898 | D:5      | Killed a two-headed ogre
  2899 | D:5      | Reached skill level 8 in Necromancy
  2899 | D:5      | Reached XP level 7. HP: 14/50 MP: 17/17
  3815 | D:5      | Reached XP level 8. HP: 29/57 MP: 18/18
  3949 | D:5      | Noticed Sigmund
  3966 | D:5      | Killed Sigmund
  3967 | D:5      | Reached skill level 9 in Necromancy
  4590 | D:4      | Paralysed by Grinder for 2 turns
  4601 | D:4      | Killed Grinder
  4602 | D:4      | Reached skill level 10 in Necromancy
  4608 | D:4      | Learned a level 5 spell: Agony
  5029 | D:4      | Found a runed translucent door.
  5030 | D:4      | Noticed Crazy Yiuf
  5036 | D:4      | Killed Crazy Yiuf
  5157 | D:6      | Found Umorakaw's Self-Improvement Boutique.
  5173 | D:6      | Reached skill level 1 in Fighting
  5336 | D:6      | Reached skill level 1 in Evocations
  6435 | D:7      | Noticed Joseph
  6446 | D:7      | Killed Joseph
  6447 | D:7      | Reached XP level 9. HP: 10/64 MP: 17/19
  6634 | D:7      | Reached skill level 5 in Evocations
  6668 | D:6      | HP: 2/64 [poisoned by a killer bee]
  6930 | D:7      | Killed an unseen horror
  7220 | D:7      | Found a staircase to the Ecumenical Temple.
  8525 | D:8      | Noticed Pikel
  8534 | D:8      | Found a staircase to the Lair.
  8918 | D:8      | Noticed Prince Ribbit
  8930 | D:8      | Killed Prince Ribbit
  9325 | D:8      | Reached XP level 10. HP: 64/73 MP: 7/20
  9619 | D:8      | Noticed an oklob plant
  9624 | D:8      | Noticed an oklob plant
  9624 | D:8      | Noticed an oklob plant
  9630 | D:8      | Killed an oklob plant
  9631 | D:8      | Reached skill level 5 in Stealth
 10043 | D:8      | Noticed a two-headed ogre
 10052 | D:8      | Reached skill level 1 in Armour
 10055 | D:8      | Killed a two-headed ogre
 10186 | D:8      | Paralysed by a floating eye for 2 turns
 10349 | D:7      | Killed Pikel
 11025 | D:9      | Noticed a deep elf pyromancer
 11192 | D:9      | Reached skill level 5 in Spellcasting
 11327 | Lair:1   | Entered Level 1 of the Lair of Beasts
 11993 | Lair:1   | Noticed a black mamba
 12005 | Lair:1   | Killed a black mamba
 12116 | Lair:1   | Reached XP level 11. HP: 64/81 MP: 9/25
 12431 | Lair:1   | Noticed a four-headed hydra
 12441 | Lair:1   | Killed a four-headed hydra
 12824 | Lair:1   | Noticed Grum
 12837 | Lair:1   | Killed Grum
 13362 | Lair:1   | Learned a level 3 spell: Stone Arrow
 13582 | Lair:2   | Reached skill level 1 in Conjurations
 13582 | Lair:2   | Reached skill level 1 in Earth Magic
 14168 | D:1      | Bought the +0 helmet of Contentment {+Inv rF+++} for 695
                  | gold pieces
 14724 | Lair:2   | Found a staircase to the Snake Pit.
 15621 | Lair:2   | Reached skill level 5 in Fighting
 15982 | Lair:3   | Reached XP level 12. HP: 88/94 MP: 12/29
 16129 | Lair:3   | Reached skill level 5 in Staves
 16356 | Lair:3   | Identified the +2 cloak of the Sky {Fly Int+2 SInv}
 17022 | Lair:3   | Noticed a ghost crab
 17051 | Lair:3   | HP: 5/138 [spectral blink frog[a ghost crab] (10)]
 17053 | Lair:3   | Engulfed by a ghost crab's spectral mist

Illustrated notes

Levels and vault maps discovered:
D:1:      dpeg_arrival_radiant, layout_basic, serial_shops, shop_statue,
          kennysheep_crisscross
D:2:      layout_loops_cross, basic_altar, ebering_ecumenical_altar_rust,
          mrwooster_statue_mirror
D:3:      layout_basic, led_sif_pool
D:4:      layout_basic, nicolae_gozag_cash_rules_everything_around_me,
          mainiacjoe_overflow_brackets, uniq_crazy_yiuf_cottage, uniq_edmund,
          uniq_eustachio, uniq_robin, uniq_grinder
D:5:      layout_basic, kennysheep_slug_shrine, mainiacjoe_overflow_24_doors,
          serial_shops, shop, st_stairs_9, grunt_decor_cap, minmay_lizard_king,
          uniq_sigmund
D:6:      hellmonk_crumbling_castle, layout_basic, nicolae_shop_self_help
D:7:      layout_loops_corners, mainiacjoe_overflow_cross_hatched,
          temple_fountains, supply_closet_lemuel, uniq_joseph
D:8:      layout_gridville, erik_lair_island, disabler_island,
          uniq_prince_ribbit1, uniq_pikel
D:9:      layout_irregular_city, xom_shifter_show, marbit_many_paths,
          okawaru_ov_weapons_minmay, gammafunk_ghost_smash
Lair:1:   lemuel_reptile_caves, layout_regular_city, uniq_grum
Lair:2:   layout_regular_city, minmay_snake_entry_guardpost_medium
Lair:3:   layout_misc_corridors, nicolae_swamp_entry_spooky, basic_altar,
          serial_bayou_shore_b

Skill      XL: |  1  2  3  4  5  6  7  8  9 10 11 12 |
---------------+-------------------------------------+-----
Necromancy     | 4 5 8 10 | 10.0
Spellcasting   | 3 4 7 9 |  9.0
Fighting       | 1 2 5 |  5.1
Evocations     | 4 7 |  7.0
Dodging        | 3 4 |  4.0
Stealth        | 4 5 7 |  7.3
Armour         | 3 |  3.5
Staves         | 2 4 7 |  7.1
Conjurations   | 1 |  1.6
Earth Magic    | 1 |  1.6

Action                     |  1- 3 |  4- 6 |  7- 9 | 10-12 || total
---------------------------+-------+-------+-------+-------++-------
  Melee: Unarmed           |     2 |       |       |       ||     2
         Staff             |     7 |    22 |    76 |   216 ||   321
         Punch             |       |       |     1 |     2 ||     3
   Cast: Necrotise         |    55 |    47 |   109 |    58 ||   269
         Vampiric Draining |       |     4 |    69 |   173 ||   246
         Animate Dead      |       |       |    15 |    16 ||    31
         Agony             |       |       |     2 |       ||     2
  Evoke: Wand              |       |    15 |    38 |     8 ||    61
         Condenser vane    |       |       |       |     1 ||     1
    Use: Scroll            |       |     8 |     9 |     3 ||    20
         Potion            |       |     2 |     3 |     3 ||     8
   Stab: Sleeping          |       |       |     1 |     3 ||     4
         Distracted        |       |       |       |     3 ||     3
 Armour: Robe              |     4 |    10 |    68 |       ||    82
         Ice dragon scales |       |       |       |   307 ||   307
         Troll leather arm |       |       |       |    17 ||    17
  Dodge: Dodged            |    16 |    46 |   151 |   240 ||   453
